 Dungeon Crawl Stone Soup version 0.19.0-18-g426998a (webtiles) character file.

110 jerryfan the Conjurer (level 4, 0/34 HPs)
             Began as a Draconian Conjurer on Nov 11, 2016.
             Was an Initiate of Vehumet.
             Slain by a hobgoblin
             ... wielding a +0 club
             ... led by Robin
              (4 damage)
             ... on level 3 of the Dungeon.
             The game lasted 00:14:47 (2476 turns).

jerryfan the Conjurer (Draconian Conjurer)          Turns: 2476, Time: 00:14:48

Health: 0/34       AC:  6    Str: 10 (11) XL:     4   Next: 61%
Magic:  3/7        EV: 12    Int: 13 (16) God:    Vehumet [......]
Gold:   90         SH:  0    Dex: 10 (11) Spells: 2 memorised, 4 levels left

rFire  x . .     SeeInvis .     h - +1 dagger
rCold  + . .     Gourm    .     (armour unavailable)
rNeg   . . .     Faith    .     (no shield)
rPois  .         Spirit   .     (helmet restricted)
rElec  .         Reflect  .     f - +0 cloak
rCorr  +         Harm     .     (no gloves)
MR     .....                    (no boots)
Stlth  ++........               e - amulet of inaccuracy (curse)
                                k - ring of ice
                                c - ring of resist corrosion

@: no status effects
A: unfitting armour, cold-blooded, AC +5
a: Renounce Religion


You were on level 3 of the Dungeon.
You worshipped Vehumet.
Vehumet was noncommittal.
You were not hungry.

You visited 1 branch of the dungeon, and saw 3 of its levels.

You collected 90 gold pieces.

Inventory:

Hand Weapons
 h - a +1 dagger (weapon)
Armour
 f - a +0 cloak (worn)
Jewellery
 c - a ring of resist corrosion (left hand)
 e - a cursed amulet of inaccuracy (around neck)
 k - a ring of ice (right hand)
Scrolls
 g - 2 scrolls of identify
Books
 a - a book of Conjurations

   Spells                             Type                      Level
   a - Magic Dart                     Conjuration                  1
   b - Searing Ray                    Conjuration                  2
   c - Dazzling Spray                 Conjuration/Hexes            3
   d - Fulminant Prism                Conjuration/Hexes            4
   e - Iskenderun's Mystic Blast      Conjuration                  4
   f - Iskenderun's Battlesphere      Conjuration/Charms           5
Comestibles
 b - 2 bread rations
 d - 3 chunks of flesh
 i - 2 meat rations
 j - a royal jelly


   Skills:
 + Level 0.9 Fighting
 + Level 0.2 Short Blades
 + Level 2.9 Dodging
 + Level 2.1 Stealth
 + Level 2.4 Spellcasting
 + Level 4.8 Conjurations


You had 4 spell levels left.
You knew the following spells:

 Your Spells              Type           Power        Failure   Level  Hunger
a - Magic Dart            Conj           ##..         4%          1    #......
b - Searing Ray           Conj           ##....       8%          2    ###....


Dungeon Overview and Level Annotations

Branches:
Dungeon (3/15)

Altars:
Kikubaaqudgha
Vehumet
Zin

Annotations:
D:3 Robin


Innate Abilities, Weirdness & Mutations

Your plain brown scales are hard. (AC +5)
You cannot fit into any form of body armour.
You are cold-blooded and may be slowed by cold attacks.


Message History

The hobgoblin is severely wounded.
The hobgoblin hits you but does no damage.
The kobold closely misses you. Robin closely misses you.
The goblin hits you with a club.
You hit the hobgoblin.
You kill the hobgoblin!
Vehumet accepts your kill. The kobold misses you.
Robin hits you but does no damage.
You miss the goblin. The kobold hits you but does no damage.
Robin says, "Duck!"
Robin closely misses you. The goblin misses you.
You miss the goblin. The kobold hits you with a dagger.
The hobgoblin hits you with a club. The goblin barely misses you.
You completely miss the goblin. The kobold barely misses you.
The hobgoblin hits you with a club!
* * * LOW HITPOINT WARNING * * *
The goblin hits you but does no damage.
You miss the goblin. The kobold barely misses you.
The hobgoblin hits you with a club.
You die...

...................
.... .......##....####
... .......#####..#
..## ######## ##.#
#####...#
######.###.....# ###
..............####....
......................
##########gK..........
#@gg.........
####.........
#.#..##g#. .....# ..
##.#..# . .##..# .#
#.# ##


You could see Robin, a hobgoblin, a goblin and a kobold.

Vanquished Creatures
  4 adders (D:2)
  2 dart slugs (D:2)
  3 leopard geckos
  3 ball pythons
  A giant cockroach (D:2)
  8 goblins
  9 hobgoblins
  5 quokkas (D:2)
  6 bats
  4 frilled lizards
  8 kobolds
  11 rats
  3 plants (D:2)
67 creatures vanquished.

Notes
Turn   | Place    | Note
-------+----------+-------------------------------------------
     0 | D:1      | jerryfan the Draconian Conjurer began the quest for the Orb.
     0 | D:1      | Reached XP level 1. HP: 14/14 MP: 3/3
   105 | D:1      | Reached XP level 2. HP: 14/20 MP: 0/5
   810 | D:2      | Reached XP level 3. HP: 26/26 MP: 3/6
   818 | D:2      | Found an ancient bone altar of Kikubaaqudgha.
  1029 | D:2      | Learned a level 2 spell: Searing Ray
  1248 | D:2      | Found a radiant altar of Vehumet.
  1262 | D:2      | Became a worshipper of Vehumet
  1349 | D:2      | Reached XP level 4. HP: 34/34 MP: 0/7
  2191 | D:2      | Found a glowing silver altar of Zin.
  2191 | D:2      | Found a faded altar of an unknown god.
  2196 | D:2      | Found a faded altar of an unknown god.
  2198 | D:2      | Found a faded altar of an unknown god.
  2200 | D:2      | Found a faded altar of an unknown god.
  2438 | D:3      | Noticed Robin
  2476 | D:3      | Slain by a hobgoblin

Skill      XL: |  1  2  3  4 |
---------------+-------------+-----
Dodging        | 2 |  2.9
Stealth        | 2 |  2.1
Fighting       | |  0.9
Short Blades   | |  0.2
Spellcasting   | |  2.4
Conjurations   | |  4.8

Action                   |  1- 3 |  4- 6 || total
-------------------------+-------+-------++-------
Melee: Unarmed           |    25 |       ||    25
       Tailslap          |     6 |    54 ||    60
       Dagger            |    43 |   368 ||   411
 Cast: Magic Dart        |    60 |    24 ||    84
       Searing Ray       |     3 |     3 ||     6
  Use: Scroll            |     3 |       ||     3
       Potion            |     2 |     1 ||     3
 Stab: Sleeping          |     4 |     1 ||     5
  Eat: Chunk             |     3 |     5 ||     8
Armor: Skin              |    88 |    43 ||   131
Dodge: Dodged            |   171 |    89 ||   260
